 Dungeon Crawl Stone Soup version 0.29-a0-11-ga75d3d97ab (webtiles) character file.

Game seed: 9381191881409369565

130 issech the Cudgeller (level 4, -4/44 HPs)
             Began as a Troll Monk on Jan 29, 2022.
             Slain by an ogre (24 damage)
             ... on level 4 of the Dungeon.
             The game lasted 00:08:46 (2909 turns).

issech the Cudgeller (Troll Monk)                   Turns: 2909, Time: 00:08:47

Health: -4/44      AC:  4    Str: 19    XL:     4   Next: 90%
Magic:  3/3        EV: 10    Int:  6    God:
Gold:   60         SH:  0    Dex: 14    Spells: 3/3 levels left

rFire   . . .      SeeInvis .   h - +2 whip (venom)
rCold   . . .      Faith    .   (no shield)
rNeg    . . .      Spirit   .   b - +0 robe
rPois   .          Reflect  .   (helmet restricted)
rElec   .          Harm     .   (no cloak)
rCorr   .          Rampage  .   (gloves unavailable)
Will    .....                   (boots unavailable)
Stlth   ++........              (no amulet)
HPRegen 0.94/turn               (no ring)
MPRegen 0.08/turn               (no ring)

@: no status effects
A: large, unfitting armour, claws 3, regeneration 1, shaggy fur 1, tough skin 1
a: no special abilities


You were on level 4 of the Dungeon.
You visited 1 branch of the dungeon, and saw 4 of its levels.

You collected 138 gold pieces.
You spent 78 gold pieces at shops.

Inventory:

Hand Weapons
 a - a +0 mace
 c - a +0 flail
 h - a +2 whip of venom (weapon)
 l - a +0 quarterstaff
 m - a +2 dagger of freezing
Missiles
 n - 96 stones (quivered)
 q - 43 sling bullets
 s - 3 poisoned darts
Armour
 b - a +0 robe (worn)
Magical Staves
 o - a staff of conjuration
 r - a staff of earth
Wands
 p - a wand of flame (26)
Scrolls
 d - a scroll of vulnerability
 e - a scroll of amnesia
 f - 2 scrolls of torment
 g - 2 scrolls of immolation
 i - a scroll of noise {unknown}
 t - a scroll of teleportation {unknown}
Potions
 j - 2 potions of heal wounds {unknown}
 k - a potion of ambrosia {unknown}
 u - a potion of berserk rage {unknown}
 v - a potion of degeneration {unknown}


   Skills:
 + Level 2.9 Fighting
 + Level 3.9 Maces & Flails
 + Level 3.2 Dodging
 + Level 1.3 Stealth


You had 3 spell levels left.
You didn't know any spells.
Your spell library contained the following spells:

 Spells                   Type           Power      Damage    Failure   Level
 Animate Skeleton         Necr           0%         N/A       45%         1
 Pain                     Necr           0%         1d4       45%         1
 Dazzling Flash           Conj/Hex       0%         N/A       83%         3
 Vampiric Draining        Necr           0%         2d6       83%         3
 Iskenderun's Mystic Bla  Conj/Tloc      0%         2d3       99%         4
 Starburst                Conj/Fire      0%         6d3       100%        6


Dungeon Overview and Level Annotations

Branches:
Dungeon (4/15)
 Temple: D:4-7

Altars:
Cheibriados
Gozag
Ru

Shops:
D:1 ?

Annotations:
D:4 1 runed translucent door, testman's ghost, amateur DsMo


Innate Abilities, Weirdness & Mutations

You are too large for most types of armour.
You have claws for hands.
Your natural rate of healing is unusually fast.
You are covered in fur. (AC +1)
You have tough skin. (AC +1)


Message History

The centaur skeleton misses you.
The centaur skeleton barely misses you. x2
You hit the centaur skeleton.
The centaur skeleton is severely damaged.
The centaur skeleton hits you. The centaur skeleton barely misses you.
You whack the centaur skeleton!
You destroy the centaur skeleton!
You now have 60 gold pieces (gained 6).
Found a stone staircase leading down.
v - a viscous ruby potion
Found a pair of glowing gloves.
You open the door.
There is an open door here.
You see here a +1 pair of gloves.
Found a robe.
You open the door.
There is an open door here.
There is an open door here.
You see here a +0 robe.
You pick up a book of Spectacle and begin reading...
You add the spells Dazzling Flash, Iskenderun's Mystic Blast and Starburst to your library.
An ogre comes into view. It is wielding a +0 giant club.
There is a stone staircase leading down here.
The ogre hits you with a +0 giant club!!
Ouch! That really hurt!
You hit the ogre.
The ogre is poisoned.
The ogre is lightly wounded.
There is a stone staircase leading down here.
Testman's ghost turns its malevolent gaze towards you.
Testman's ghost whispers, "There is no future for you."
Testman's ghost stares at you.
The ogre looks more healthy.
Testman's ghost whispers, "There is no future for you."
Testman's ghost says very slowly, "There's no hope."
The ogre hits you with a +0 giant club!!
Ouch! That really hurt!
You barely miss the ogre.
The ogre is severely wounded.
The ogre hits you with a +0 giant club!!
Ouch! That really hurt!
You die...

..<# #....##⌠##.......# .# ####
#...##...##.....###.###.
#..##..!..##..#.........
#..#⌠..♣...+...>....# ###
#..##..?..##..#.##### ..#
#...##...##...#.# _. ##.#
##...##W##...##.######## .. ..##
##....###...##.........# .# #..#
#..#..O@...###..#.####.# .. #..#
#.........## #..#.# #.#
.####..###..........###..#.####.#
.)...........#####...............
.####..####.## ######....####.#
....#.## #.# #.....####.. .##.#.#
#.# ##.......... ..#...# #.#
##.#....... _.###.# #.#
#.######..


You could see an ogre and testman's ghost.

Vanquished Creatures
  A centaur skeleton (D:4)
  4 adders
  2 orcs (D:3)
  5 ball pythons
  2 bats
  8 endoplasms
  5 giant cockroaches
  7 goblins
  7 hobgoblins
  2 quokkas
  4 frilled lizards
  A jackal skeleton (D:4)
  9 kobolds
  2 rats
59 creatures vanquished.

Notes
Turn   | Place    | Note
-------+----------+-------------------------------------------
     0 | D:1      | issech the Troll Monk began the quest for the Orb.
     0 | D:1      | Reached XP level 1. HP: 22/22 MP: 0/0
   109 | D:1      | Reached XP level 2. HP: 29/29 MP: 1/1
   284 | D:1      | Found a faded altar of an unknown god.
   424 | D:1      | Found Systiurr's Magic Scroll Shop.
   636 | D:2      | You fall into a shaft and drop 2 floors!
   885 | D:2      | Reached XP level 3. HP: 36/36 MP: 2/2
  1032 | D:2      | Found an opulent altar of Gozag.
  1383 | D:1      | Bought a scroll of identify for 26 gold pieces
  1383 | D:1      | Bought a scroll of identify for 26 gold pieces
  1383 | D:1      | Bought a scroll of identify for 26 gold pieces
  1689 | D:3      | Reached XP level 4. HP: 35/44 MP: 3/3
  2576 | D:4      | Found a sacrificial altar of Ru.
  2661 | D:4      | Found a snail-covered altar of Cheibriados.
  2682 | D:4      | Noticed testman's ghost (amateur DsMo)
  2695 | D:4      | Found a runed translucent door.
  2880 | D:4      | Noticed an ogre
  2909 | D:4      | Slain by an ogre

Illustrated notes

Levels and vault maps discovered:
D:1:      dpeg_arrival_rhombus, layout_rooms, serial_shops, shop,
          shapermc_ecumenical_altar_hornbeckon
D:2:      layout_rooms, basic_altar, eino_tiny_chamber
D:3:      minmay_inner_zag, layout_basic, chequers_serial_rivers_room_a
D:4:      layout_loops_corners, mainiacjoe_overflow_large_starburst,
          hellmonk_ghost_happy_afterlife

Skill      XL: |  1  2  3 |
---------------+----------+-----
Maces & Flails | 3 |  3.9
Dodging        | 3 |  3.2
Fighting       | |  2.9
Stealth        | |  1.3

Action                   |  1- 3 |  4- 6 || total
-------------------------+-------+-------++-------
Melee: Mace              |    42 |       ||    42
       Whip              |    80 |    54 ||   134
       Punch             |       |     2 ||     2
  Use: Scroll            |     4 |       ||     4
 Stab: Sleeping          |     1 |     4 ||     5
Armor: Robe              |    62 |    15 ||    77
Dodge: Dodged            |    79 |    30 ||   109

Table legend: (Time is in decaauts)
 A = Elapsed time spent in this place.
 B = Non-inter-level travel time spent in this place.
 C = Inter-level travel time spent in this place.
 D = Time resting spent in this place.
 E = Time spent auto-exploring this place.
 F = Levels seen in this place.
 G = Mean time per level.
                   A        B        C        D        E       F      G
               +--------+--------+--------+--------+--------+-----+--------+
         Total |   2921 |   2731 |    190 |      0 |   1309 |   4 |  730.2 |
       Dungeon |   2921 |   2731 |    190 |      0 |   1309 |   4 |  730.2 |
               +--------+--------+--------+--------+--------+-----+--------+

Top non-repeatable levels by time:
     D:3: 1110 daAuts
     D:1: 710 daAuts
     D:2: 552 daAuts
     D:4: 548 daAuts
